 Dungeon Sprint DCSS version 0.20.1-1-g8b1a95d (console) character file.

434 bli the Blocker (level 7, -1/48 HPs)
             Began as a Gargoyle Fighter on Aug 15, 2017.
             Was an Initiate of Uskayaw.
             Slain by a centaur warrior (2 damage)
             ... in the Dungeon (Sprint I: "Red Sonja").
             The game lasted 00:04:40 (935 turns).

bli the Blocker (Gargoyle Fighter)                   Turns: 935, Time: 00:04:41

Health: -1/48      AC: 12    Str: 18 (21) XL:     7   Next: 0%
Magic:  7/7        EV:  9    Int:  6 (8)  God:    Uskayaw [......]
Gold:   229        SH: 11    Dex:  8 (10) Spells: 6/6 levels left

rFire    . . .     SeeInvis .   a - +0 flail
rCold    . . .     Gourm    .   c - +0 shield
rNeg     + . .     Faith    .   b - +0 scale mail
rPois    ∞         Spirit   .   (no helmet)
rElec    +         Reflect  .   (no cloak)
rCorr    .         Harm     .   (no gloves)
MR       .....     NoTele   +   (no boots)
Stlth    ..........             (no amulet)
Regen    0.2/turn               (no ring)
MPRegen  0.1/turn               (no ring)

@: no status effects
A: negative energy resistance 1, electricity resistance, unbreathing,
petrification resistance, rot immunity, AC +4
a: Renounce Religion


You were in the Dungeon.
You worshipped Uskayaw.
Uskayaw was noncommittal.
You were not hungry.

You visited 1 branch You collected 311 gold pieces.
You spent 82 gold pieces at shops.

Inventory:

Hand Weapons
 a - a +0 flail (weapon)
Armour
 b - a +0 scale mail (worn)
 c - a +0 shield (worn)
Wands
 e - a wand of polymorph (0/24)
Scrolls
 j - a scroll of enchant armour
 k - a scroll of blinking
Potions
 d - a potion of might
 h - a potion of haste
 i - 2 potions of magic
Comestibles
 f - a bread ration


   Skills:
 * Level 7.5 Fighting
 + Level 7.3 Maces & Flails
 + Level 8.0 Armour
 + Level 1.3 Dodging
 * Level 9.8 Shields


You had 6 spell levels left.
You didn't know any spells.

Dungeon Overview and Level Annotations

Branches:
Dungeon (1/1)

Altars:
Cheibriados
Dithmenos
Elyvilon
Fedhas
Gozag
Hepliaklqana
Kikubaaqudgha
Nemelex Xobeh
Okawaru
Qazlal
Ru
Sif Muna
Trog
Uskayaw
Vehumet
Yredelemnul
Zin
The Shining One

Shops:
D *


Innate Abilities, Weirdness & Mutations

You are resistant to torment.
Your stone body is resilient. (AC +4)
You are immune to poison.
You resist negative energy. (rN+)
You are resistant to electric shocks. (rElec)
You can survive without breathing.
You are immune to petrification.
You are immune to rotting.


Message History

The centaur warrior unwields an uncursed shortbow.
The centaur warrior hits you!
* * * LOW HITPOINT WARNING * * *
You hit the centaur warrior but do no damage.
You block the centaur warrior's attack. The centaur warrior hits you!
* * * LOW HITPOINT WARNING * * *
The centaur warrior barely misses you. You block the centaur warrior's attack.
You completely miss the centaur warrior.
You block the centaur warrior's attack.
The centaur warrior hits you but does no damage.
The centaur warrior hits you.
* * * LOW HITPOINT WARNING * * *
You block the centaur warrior's attack.
It was a potion of degeneration.
There was something very wrong with that liquid.
You feel weakened.
You feel dopey.
You feel clumsy. The centaur warrior hits you.
* * * LOW HITPOINT WARNING * * *
The centaur warrior hits you.
You die...

#############
#..'..#..'..#
).)#..').#..+
#####'#####'# ####
####..#...#.####§§#
#__####..##§#§§§§c#
#_____##'#.§'§§§@.+
#_.∩...'..._#≈§§§c#
#_..__##_.#+##+####
#_____###+# #######


You could see 2 centaur warriors.

Vanquished Creatures
  Sigmund (D)
  A yak (D)
  An ogre (D)
  A jelly (D)
  Ijyb (D)
5 creatures vanquished.

Notes
Turn   | Place    | Note
-------+----------+-------------------------------------------
     0 | D        | bli the Gargoyle Fighter began the quest for the Orb.
     0 | D        | Reached XP level 1. HP: 14/14 MP: 1/1
     1 | D        | Noticed Ijyb
    27 | D        | Killed Ijyb
    27 | D        | Reached skill level 5 in Shields
    27 | D        | Reached XP level 2. HP: 3/20 MP: 2/2
   322 | D        | Noticed an ogre
   332 | D        | HP: 1/20 [ogre/giant club (19)]
   333 | D        | Killed an ogre
   333 | D        | Reached skill level 5 in Fighting
   333 | D        | Reached skill level 5 in Armour
   333 | D        | Reached skill level 7 in Shields
   333 | D        | Reached XP level 3. HP: 1/27 MP: 3/3
   333 | D        | Reached XP level 4. HP: 1/32 MP: 4/4
   649 | D        | Noticed Sigmund
   671 | D        | Killed Sigmund
   671 | D        | Reached skill level 5 in Maces & Flails
   671 | D        | Reached skill level 1 in Dodging
   671 | D        | Reached skill level 9 in Shields
   671 | D        | Reached XP level 5. HP: 27/37 MP: 5/5
   671 | D        | Reached XP level 6. HP: 31/42 MP: 6/6
   759 | D        | Found a deep blue altar of Sif Muna.
   761 | D        | Found a radiant altar of Vehumet.
   844 | D        | Found Muocvuc's General Store.
   844 | D        | Found an ancient bone altar of Kikubaaqudgha.
   844 | D        | Found a hazy altar of Hepliaklqana.
   844 | D        | Found a stormy altar of Qazlal.
   844 | D        | Found a hide-covered altar of Uskayaw.
   844 | D        | Found a blossoming altar of Fedhas.
   844 | D        | Found a bloodstained altar of Trog.
   844 | D        | Found an iron altar of Okawaru.
   844 | D        | Found a basalt altar of Yredelemnul.
   844 | D        | Found a glowing golden altar of the Shining One.
   844 | D        | Found a snail-covered altar of Cheibriados.
   844 | D        | Found a sacrificial altar of Ru.
   844 | D        | Found a glowing silver altar of Zin.
   844 | D        | Found a shadowy altar of Dithmenos.
   844 | D        | Found a white marble altar of Elyvilon.
   844 | D        | Noticed a yak
   853 | D        | Killed a yak
   853 | D        | Reached XP level 7. HP: 37/48 MP: 7/7
   854 | D        | Found an opulent altar of Gozag.
   855 | D        | Found a sparkling altar of Nemelex Xobeh.
   858 | D        | Became a worshipper of Uskayaw the Reveler
   860 | D        | Bought a scroll of enchant armour for 82 gold pieces
   929 | D        | Noticed a centaur warrior
   930 | D        | Noticed a centaur warrior
   935 | D        | HP: 1/48 [centaur warrior (2)]
   935 | D        | Slain by a centaur warrior

Skill      XL: |  1  2  3  4  5  6 |
---------------+-------------------+-----
Fighting       | 4 5 6 7 |  7.5
Armour         | 4 5 7 8 |  8.0
Shields        | 5 7 9 |  9.8
Maces & Flails | 3 5 7 |  7.3
Dodging        | 1 |  1.3

Action                   |  1- 3 |  4- 6 |  7- 9 || total
-------------------------+-------+-------+-------++-------
Melee: Unarmed           |    20 |       |       ||    20
       Flail             |    10 |    24 |     2 ||    36
  Use: Potion            |     3 |       |     1 ||     4
Armor: Scale mail        |     2 |     5 |     1 ||     8
Dodge: Dodged            |     7 |     8 |     2 ||    17
Block: Shield            |     4 |     8 |     5 ||    17
